 Dungeon Crawl Stone Soup version 0.28.0-49-g6dfe1f597d (webtiles) character file.

Game seed: 11916502868936083853

2791 Zeld the Zephyrmancer (level 9, -4/56 HPs)
             Began as a Tengu Air Elementalist on May 17, 2022.
             Was a Follower of Sif Muna.
             Killed by divine providence
             ... invoked by an orc priest
              (16 damage)
             ... on level 8 of the Dungeon.
             The game lasted 00:11:46 (13397 turns).

Zeld the Zephyrmancer (Tengu Air Elementalist)     Turns: 13397, Time: 00:11:47

Health: -4/56      AC:  2    Str:  9    XL:     9   Next: 71%
Magic:  4/19       EV: 17    Int: 20    God:    Sif Muna [*.....]
Gold:   364        SH:  5    Dex: 14    Spells: 3/20 levels left

rFire   . . .      SeeInvis .   a - +2 morningstar (freeze)
rCold   . . .      Faith    .   (no shield)
rNeg    . . .      Spirit   .   m - +0 robe
rPois   .          Reflect  +   (helmet restricted)
rElec   .          Harm     .   (no cloak)
rCorr   .          Rampage  .   (no gloves)
Will    .....                   (boots unavailable)
Stlth   +++.......              k - amulet of reflection
HPRegen 0.18/turn               (no ring)
MPRegen 0.16/turn               (no ring)

@: swift, flying quickly and evasively, very quick
A: beak, talons 3, nimble flight
a: Renounce Religion, Channel Magic


You were on level 8 of the Dungeon.
You worshipped Sif Muna.
Sif Muna was aware of your devotion.
You visited 2 branches of the dungeon, and saw 9 of its levels.

You collected 364 gold pieces.

Inventory:

Hand Weapons
 a - a +2 morningstar of freezing (weapon)
Armour
 m - a +0 robe (worn)
Jewellery
 k - an amulet of reflection (around neck)
Wands
 p - a wand of iceblast (18)
 s - a wand of acid (3)
Scrolls
 c - 8 scrolls of identify {unknown}
 d - a scroll of teleportation {unknown}
 e - 2 scrolls of immolation {unknown}
 g - 2 scrolls of magic mapping {unknown}
 l - 2 scrolls of blinking {unknown}
 n - a scroll of enchant weapon {unknown}
 o - a scroll of fog {unknown}
 q - a scroll of silence {unknown}
 r - a scroll of fear {unknown}
 v - a scroll of amnesia {unknown}
Potions
 b - 2 potions of berserk rage {unknown}
 f - a potion of heal wounds {unknown}
 h - 3 potions of curing {unknown}
 i - a potion of might {unknown}
 j - a potion of attraction {unknown}
 t - a potion of degeneration {unknown}
 u - a potion of brilliance {unknown}


   Skills:
 * Level 6.4 Fighting
 + Level 5.3 Dodging
 + Level 5.3 Stealth
 * Level 6.2 Spellcasting
 - Level 2.0 Conjurations
 * Level 9.3 Air Magic


You had 3 spell levels left.
You knew the following spells:

 Your Spells              Type           Power      Damage    Failure   Level
a - Shock                 Conj/Air       100%       1d9       1%          1
b - Static Discharge      Conj/Air       28%        N/A       1%          2
c - Swiftness             Air            43%        N/A       1%          3
d - Airstrike             Air            21%        N/A       2%          4
g - Storm Form            Tmut/Air       12%        N/A       100%        7

Your spell library contained the following spells:

 Spells                   Type           Power      Damage    Failure   Level
 Foxfire                  Conj/Fire      40%        2x1d6     7%          1
 Ensorcelled Hibernation  Hex/Ice        12%        N/A       16%         2
 Passwall                 Tmut/Erth      5%         N/A       16%         2
 Conjure Flame            Conj/Fire      10%        6-21      21%         3
 Inner Flame              Hex/Fire       6%         N/A       30%         3
 Summon Lightning Spire   Summ/Air       24%        N/A       16%         4
 Flame Wave               Conj/Fire      10%        2d5       56%         4
 Sticky Flame             Conj/Fire      10%        2d3       56%         4
 Dispel Undead            Necr           6%         3d8       71%         4
 Maxwell's Capacitive Co  Air            21%        ∞         100%        8


Dungeon Overview and Level Annotations

Branches:
Dungeon (8/15)             Temple (1/1) D:5
   Lair: D:8-11

Altars:
Ashenzari
Cheibriados
Dithmenos
Elyvilon
Fedhas
Gozag
Kikubaaqudgha
Makhleb
Nemelex Xobeh
Okawaru
Qazlal
Ru
Sif Muna
Trog
Uskayaw
Vehumet
Wu Jian
Xom
Yredelemnul
Zin
The Shining One

Annotations:
D:6 2 transporters, greasedhog's ghost, amateur FoFi


Innate Abilities, Weirdness & Mutations

You have a beak for a mouth.
You have claws for feet.
Your magical nature lets you fly swiftly and evasively.


Message History

Press: ? - help, Dir - move target, f - orc wizard
Aim: an orc wizard, wielding a +0 dagger and wearing a +0 robe (empty space bonus: 4/8)
The air twists around and strikes the orc wizard!
The orc wizard is almost dead.
Unknown command.
Casting: Airstrike (dangerous; 2% risk of failure)
Confirm with . or Enter, or press ? or * to list all spells.
You don't have enough magic to cast this spell.
Unknown command.
Unknown command.
Casting: Airstrike (dangerous; 2% risk of failure)
Confirm with . or Enter, or press ? or * to list all spells.
You don't have enough magic to cast this spell.
Unknown command.
An orc priest comes into view. It is wielding a +4 flail.
The orc priest shouts!
A kobold comes into view. It is wielding a +0 dagger.
The kobold shouts!
You hear a shout!
A kobold comes into view. It is wielding a +0 dagger.
The orc wizard misses you.
The orc priest calls upon Beogh to heal the orc wizard.
The orc wizard is healed somewhat.
The orc hits you with a +0 short sword.
The orc priest invokes the aid of Beogh against you.
Beogh smites you!
The orc wizard gestures at you while chanting.
The magic dart hits you!
The orc priest invokes the aid of Beogh against you.
Beogh smites you!
The orc priest invokes the aid of Beogh against you.
Beogh smites you!
* * * LOW HITPOINT WARNING * * *
Casting: Airstrike (dangerous; 2% risk of failure)
Confirm with . or Enter, or press ? or * to list all spells.
You feel quick.
There is an open door here.
You reach down and open the door.
There is an open door here.
The orc priest invokes the aid of Beogh against you.
Beogh smites you!
You die...

.... .... #. ....# ..
.....########..
...........# #........#
#..<.....# #.)......#+####
#..[...@.'....#
#........#....#
+........#....+
#........#...## ..
#...)...)#...###..
#.......[#........
#....o..o#o.......
+......K.'........
#########..o.....#....##..


You could see an orc priest, an orc wizard and a kobold.

Vanquished Creatures
  Pikel (D:5)
  Sigmund (D:5)
  Menkaure (D:4)
  2 ice beasts
  A black bear (D:6)
  2 orc warriors
  A sky beast (D:4)
  A necrophage (D:6)
  2 ogres
  3 lemures (D:5)
  A centaur (D:7)
  A scorpion (D:5)
  A wyvern zombie (D:7)
  A bullfrog (D:7)
  A wyvern skeleton (D:7)
  3 howler monkeys (D:7)
  A bullfrog zombie (D:6)
  A hound (D:5)
  3 jellies
  3 bullfrog skeletons (D:6)
  A centaur skeleton (D:6)
  A gnoll shaman (D:6)
  2 orc priests (D:8)
  4 orc wizards
  2 killer bee zombies (D:6)
  2 howler monkey zombies
  5 gnolls (D:6)
  5 adders
  A shadow imp (D:7)
  2 white imps
  An adder skeleton (D:4)
  2 worms
  6 dart slugs
  30 orcs
  13 ball pythons
  14 endoplasms
  3 giant cockroaches
  8 goblins
  5 hobgoblins
  8 jackals
  3 kobolds (D:1)
  10 quokkas
  10 bats
  5 frilled lizards
  6 rats
180 creatures vanquished.

Vanquished Creatures (others)
  7 withered plants (D:6)
7 creatures vanquished.

Grand Total: 187 creatures vanquished

Notes
Turn   | Place    | Note
-------+----------+-------------------------------------------
     0 | D:1      | Zeld the Tengu Air Elementalist began the quest for the
                  | Orb.
     0 | D:1      | Reached XP level 1. HP: 10/10 MP: 4/4
   163 | D:1      | Reached XP level 2. HP: 14/16 MP: 1/6
   405 | D:1      | Learned a level 2 spell: Static Discharge
   681 | D:1      | Reached skill level 1 in Fighting
   732 | D:1      | Reached XP level 3. HP: 20/20 MP: 1/7
   736 | D:1      | Learned a level 3 spell: Swiftness
  1709 | D:2      | Reached XP level 4. HP: 25/25 MP: 6/8
  2317 | D:2      | Found a faded altar of an unknown god.
  2756 | D:3      | Gained mutation: Your magical nature lets you fly swiftly
                  | and evasively. [Tengu growth]
  2756 | D:3      | Reached XP level 5. HP: 24/30 MP: 0/10
  3581 | D:3      | Found a shimmering blue altar of Sif Muna.
  3815 | D:3      | Became a worshipper of Sif Muna the Loreminder
  4036 | D:4      | Noticed an ogre
  4426 | D:4      | Noticed Menkaure
  4452 | D:4      | Reached skill level 5 in Air Magic
  4465 | D:4      | Learned a level 4 spell: Airstrike
  4484 | D:4      | Noticed a sky beast
  4936 | D:4      | Found a shimmering altar of Xom.
  5094 | D:4      | Killed an ogre
  5095 | D:4      | Reached XP level 6. HP: 36/36 MP: 0/12
  5492 | D:4      | Killed a sky beast
  5738 | D:4      | Found a shimmering altar of Xom.
  6153 | D:5      | Entered Level 5 of the Dungeon
  6212 | D:5      | Noticed Sigmund
  6214 | D:5      | Killed Sigmund
  6215 | D:5      | Reached skill level 6 in Air Magic
  6215 | D:5      | Reached XP level 7. HP: 41/41 MP: 4/13
  6744 | D:5      | Found a staircase to the Ecumenical Temple.
  6838 | Temple   | Entered the Ecumenical Temple
  8174 | D:6      | Noticed Pikel
  8678 | D:5      | Killed Pikel
  8679 | D:5      | Reached skill level 7 in Air Magic
  8679 | D:5      | Reached XP level 8. HP: 24/48 MP: 2/16
  9306 | D:6      | Reached skill level 5 in Fighting
  9306 | D:6      | Reached skill level 5 in Spellcasting
  9638 | D:6      | Found a transporter.
  9640 | D:6      | Noticed greasedhog's ghost (amateur FoFi)
  9677 | D:6      | Found a transporter.
  9865 | D:6      | Reached skill level 8 in Air Magic
 10075 | D:6      | You are sucked into a shaft and drop 1 floor!
 10077 | D:7      | Reached * piety under Sif Muna
 10400 | D:7      | Reached XP level 9. HP: 54/54 MP: 5/18
 10421 | D:7      | Learned a level 7 spell: Storm Form
 11005 | D:6      | Found an iron altar of Okawaru.
 11307 | D:4      | Found a shimmering altar of Xom.
 11346 | D:4      | Killed Menkaure
 11347 | D:4      | Reached skill level 5 in Dodging
 11878 | D:7      | Reached skill level 5 in Stealth
 12010 | D:7      | Reached skill level 9 in Air Magic
 13397 | D:8      | Killed from afar by an orc priest

Illustrated notes

Levels and vault maps discovered:
D:1:      scummos_arrival_simple_fountains, layout_loops_cross
D:2:      layout_basic, nicolae_ecumenical_snake_handling
D:3:      layout_loops_ring, lemuel_blue_sif_altar, grunt_ministairs_7,
          minmay_misc_feat_tiny
D:4:      layout_loops_ring, mainiacjoe_overflow_alcove_1, uniq_menkaure
D:5:      layout_basic, lemuel_temple_firewalk_b, uniq_sigmund
D:6:      layout_basic, pf_just_have_faith, serial_undead, serial_undead_b,
          serial_undead_d, serial_undead_e, serial_undead_e,
          gammafunk_ghost_stat_death, kennysheep_boxes, uniq_pikel
D:7:      layout_loops_ring
D:8:      layout_gridville, due_unseen_surprise, uniq_erica, uniq_joseph
Temple:   compressed_dpeg_circular_temple

Skill      XL: |  1  2  3  4  5  6  7  8  9 |
---------------+----------------------------+-----
Fighting       | 1 2 3 4 5 6 |  6.4
Conjurations   | 2 |  2.0
Spellcasting   | 3 4 5 6 |  6.2
Air Magic      | 5 6 7 8 9 |  9.3
Dodging        | 3 4 5 |  5.3
Stealth        | 3 4 5 |  5.3

Action                   |  1- 3 |  4- 6 |  7- 9 || total
-------------------------+-------+-------+-------++-------
Melee: Unarmed           |    18 |     3 |       ||    21
       Kick              |     3 |     9 |    18 ||    30
       Peck              |     3 |     1 |    10 ||    14
       Morningstar       |       |    28 |    49 ||    77
 Cast: Shock             |    68 |    98 |     5 ||   171
       Static Discharge  |       |     5 |       ||     5
       Airstrike         |       |     8 |   122 ||   130
       Swiftness         |       |       |     1 ||     1
Evoke: Wand              |       |       |     1 ||     1
 Stab: Sleeping          |       |     3 |       ||     3
Armor: Robe              |     7 |     5 |     8 ||    20
Dodge: Dodged            |    10 |    44 |    75 ||   129
Block: Other             |       |     5 |    22 ||    27
       Reflection        |       |     1 |     1 ||     2
